 Dungeon Crawl Stone Soup version 0.20.1-1-g8b1a95d (webtiles) character file.

512 Folque the Magician (level 7, 0/52 HPs)
             Began as a Human Conjurer on Nov 3, 2017.
             Slain by a crocodile (5 damage)
             ... on level 3 of the Dungeon.
             The game lasted 00:27:12 (5496 turns).

Folque the Magician (Human Conjurer)                Turns: 5496, Time: 00:27:14

Health: 0/52       AC:  8    Str:  8    XL:     7   Next: 43%
Magic:  2/15       EV: 12    Int: 18    God:
Gold:   140        SH:  0    Dex: 13    Spells: 3/17 levels left

rFire    . . .     SeeInvis .   d - +0 dagger
rCold    . . .     Gourm    .   (no shield)
rNeg     . . .     Faith    .   a - +0 robe
rPois    .         Spirit   .   (no helmet)
rElec    .         Reflect  .   (no cloak)
rCorr    .         Harm     .   o - +0 pair of gloves
MR       .....                  (no boots)
Stlth    ++........             (no amulet)
Regen    0.2/turn               r - +5 ring of protection
MPRegen  0.2/turn               (no ring)

@: very slightly contaminated, drained
A: no striking features
a: no special abilities


You were on level 3 of the Dungeon.
You were very hungry.

You visited 1 branch of the dungeon, and saw 4 of its levels.

You collected 140 gold pieces.

Inventory:

Hand Weapons
 d - a +0 dagger (weapon)
Armour
 a - a +0 robe (worn)
 i - a +0 leather armour
 o - a +0 pair of gloves (worn)
Jewellery
 r - a +5 ring of protection (left hand)
Wands
 g - a wand of clouds (2/9)
Scrolls
 k - 3 scrolls of teleportation
 q - 7 scrolls of identify {unknown}
 s - a scroll of fog {unknown}
Potions
 e - 2 potions of brilliance
 h - a potion of ambrosia
 p - 2 potions of mutation {unknown}
 t - a potion of flight {unknown}
Books
 b - a book of Conjurations

   Spells                             Type                      Level
   a - Magic Dart                     Conjuration                  1
   b - Searing Ray                    Conjuration                  2
   c - Dazzling Spray                 Conjuration/Hexes            3
   d - Fulminant Prism                Conjuration/Hexes            4
   e - Force Lance                    Conjuration/Translocation    4
   f - Iskenderun's Mystic Blast      Conjuration                  4
Comestibles
 c - 4 bread rations
 f - 2 royal jellies
 l - a meat ration
 m - 2 fruits


   Skills:
 - Level 3.0(2.5) Fighting
 - Level 2.0(1.5) Dodging
 - Level 2.0(1.5) Stealth
 - Level 5.5(5.0) Spellcasting
 * Level 5.1(4.6) Conjurations
 + Level 0.4(0.0) Translocations


You had 3 spell levels left.
You knew the following spells:

 Your Spells              Type           Power        Failure   Level  Hunger
a - Magic Dart            Conj           ###.         1%          1    None
b - Searing Ray           Conj           ###...       3%          2    #......
c - Dazzling Spray        Conj/Hex       ##....       16%         3    ##.....
d - Force Lance           Conj/Tloc      ##......     45%         4    ####...
e - Iskenderun's Mystic   Conj           ###.....     21%         4    ####...


Dungeon Overview and Level Annotations

Branches:
Dungeon (4/15)
 Temple: D:4-7

Altars:
Kikubaaqudgha


Message History

The crocodile is heavily wounded.
The crocodile misses you.
The hobgoblin hits you but does no damage.
You closely miss the crocodile.
The crocodile is heavily wounded.
The crocodile bites you but does no damage.
You barely miss the crocodile.
The crocodile is heavily wounded.
The hobgoblin barely misses you. The crocodile closely misses you.
You hit the crocodile but do no damage.
The crocodile is heavily wounded.
The hobgoblin hits you but does no damage.
The crocodile bites you!
* * * LOW HITPOINT WARNING * * *
You are feeling very hungry.
You hit the crocodile but do no damage.
The crocodile is heavily wounded.
The hobgoblin hits you but does no damage.
The crocodile bites you.
You die...

########### ##########
#####.........# ####....#....
#.............# ####.......#....
#.............###...............
##.............#@t.......##......
#....#.........#g#.##....##......
#....####..........##.....#......
#....#.........#........#.##.....
#....#..................'........
#....#..................##.......
#.....####.......................
##....####.......###....###.###.#
#......##.............####..##.#


You could see a crocodile and a hobgoblin.

Vanquished Creatures
  The ghost of arttle the Stinger, an amateur OpTm (D:4)
  2 wights
  An orc priest (D:3)
  A centaur skeleton (D:4)
  2 iguanas (D:3)
  4 adders
  An ooze (D:2)
  2 worms
  4 dart slugs (D:1)
  2 leopard geckos
  6 orcs
  5 giant cockroaches
  11 hobgoblins
  10 jackals
  7 kobolds
  10 bats
  2 frilled lizards
  9 goblins
  5 rats
85 creatures vanquished.

Notes
Turn   | Place    | Note
-------+----------+-------------------------------------------
     0 | D:1      | Folque the Human Conjurer began the quest for the Orb.
     0 | D:1      | Reached XP level 1. HP: 13/13 MP: 3/3
   357 | D:1      | Reached skill level 1 in Fighting
   357 | D:1      | Reached XP level 2. HP: 21/21 MP: 5/5
   829 | D:1      | Reached XP level 3. HP: 26/26 MP: 2/6
  1089 | D:1      | Learned a level 2 spell: Searing Ray
  1093 | D:1      | Learned a level 3 spell: Dazzling Spray
  2048 | D:2      | Reached XP level 4. HP: 33/34 MP: 4/8
  2937 | D:2      | Found an ancient bone altar of Kikubaaqudgha.
  3229 | D:3      | Reached XP level 5. HP: 41/41 MP: 4/9
  4095 | D:4      | Reached XP level 6. HP: 40/47 MP: 5/11
  4103 | D:4      | Learned a level 4 spell: Force Lance
  4116 | D:4      | Reached skill level 5 in Conjurations
  4152 | D:4      | Noticed arttle's ghost (amateur OpTm)
  4892 | D:4      | Killed arttle's ghost
  4892 | D:4      | Reached skill level 5 in Spellcasting
  4892 | D:4      | Reached XP level 7. HP: 20/52 MP: 0/15
  4900 | D:4      | Learned a level 4 spell: Iskenderun's Mystic Blast
  5496 | D:3      | Slain by a crocodile

Skill      XL: |  1  2  3  4  5  6 |
---------------+-------------------+-----
Fighting       | 1 2 3 |  3.0
Spellcasting   | 3 5 |  5.5
Conjurations   | 5 |  5.1
Dodging        | |  2.0
Stealth        | |  2.0
Translocations | |  0.4

Action                   |  1- 3 |  4- 6 |  7- 9 || total
-------------------------+-------+-------+-------++-------
Melee: Dagger            |   105 |   164 |    44 ||   313
Throw: Throwing net      |       |     1 |       ||     1
 Cast: Magic Dart        |    40 |    21 |     5 ||    66
       Searing Ray       |     4 |    15 |     4 ||    23
       Dazzling Spray    |       |    15 |       ||    15
       Force Lance       |       |     1 |     4 ||     5
       Iskenderun's Myst |       |       |     1 ||     1
Evoke: Wand              |       |       |     1 ||     1
  Use: Scroll            |       |     4 |     1 ||     5
       Potion            |       |     4 |     3 ||     7
 Stab: Distracted        |     1 |       |       ||     1
       Sleeping          |     1 |     2 |       ||     3
       Invisible         |       |     1 |       ||     1
  Eat: Chunk             |     4 |    11 |     4 ||    19
Armor: Robe              |    10 |    39 |    17 ||    66
Dodge: Dodged            |    76 |   144 |    39 ||   259
